 Dungeon Crawl Stone Soup version 0.27-a0-341-g40fdf68bc5 (webtiles) character file.

Game seed: 1524326054532739297

333 EnegeticOcto the Chiller (level 6, -1/36 HPs)
             Began as a Halfling Ice Elementalist on Feb 14, 2021.
             Slain by a centaur skeleton (3 damage)
             ... on level 5 of the Dungeon.
             The game lasted 00:09:27 (1339 turns).

EnegeticOcto the Chiller (HaIE)                     Turns: 1339, Time: 00:09:27

Health: -1/36      AC:  6    Str:  9    XL:     6   Next: 82%
Magic:  8/8        EV: 15    Int: 15    God:
Gold:   159        SH:  0    Dex: 15    Spells: 4/8 levels left

rFire    . . .     SeeInvis .   l - +1 dagger (elec)
rCold    . . .     Faith    .   (shield restricted)
rNeg     . . .     Spirit   .   a - +0 robe
rPois    .         Reflect  .   k - +2 hat
rElec    .         Harm     .   n - +1 cloak
rCorr    .         Rampage  .   (no gloves)
Will     .....                  (no boots)
Stlth    ++........             (no amulet)
HPRegen  0.12/turn              (no ring)
MPRegen  0.11/turn              (no ring)

@: no status effects
A: small, mutation resistance 1
a: no special abilities


You were on level 5 of the Dungeon.
You visited 2 branches of the dungeon, and saw 6 of its levels.

You collected 159 gold pieces.

Inventory:

Hand Weapons
 c - a +0 club
   (You took it off a goblin on level 1 of the Dungeon)
 e - a +0 mace
   (You found it on level 1 of the Dungeon)
 l - a +1 dagger of electrocution (weapon)
   (You took it off a goblin on level 3 of the Dungeon)
Missiles
 o - 3 silver boomerangs (quivered)
 s - 3 boomerangs
Armour
 a - a +0 robe (worn)
 k - a +2 hat (worn)
   (You found it on level 2 of the Dungeon)
 n - a +1 cloak (worn)
   (You found it on level 3 of the Dungeon)
Wands
 r - a wand of polymorph (10)
   (You took it off an orc on level 4 of the Dungeon)
Scrolls
 d - a scroll of teleportation {unknown}
 f - a scroll of enchant armour
 j - a scroll of identify {unknown}
 m - a scroll of fog {unknown}
 p - a scroll of random uselessness
 q - a scroll of immolation {unknown}
Potions
 b - a potion of mutation {unknown}
 g - a potion of curing {unknown}
 i - a potion of attraction {unknown}
 t - a potion of flight {unknown}
 u - 3 potions of degeneration {unknown}
 v - a potion of brilliance {unknown}


   Skills:
 + Level 4.0 Short Blades
 - Level 2.1 Dodging
 - Level 2.1 Stealth
 - Level 1.5 Spellcasting
 + Level 6.7 Ice Magic


You had 4 spell levels left.
You knew the following spells:

 Your Spells              Type           Power        Failure   Level
a - Freeze                Ice            84%          1%          1
b - Frozen Ramparts       Ice            42%          4%          3

Your spell library contained the following spells:

 Spells                   Type           Power        Failure   Level
 Ozocubu's Armour         Ice            21%          4%          3
 Hailstorm                Conj/Ice       11%          52%         4
 Summon Ice Beast         Ice/Summ       11%          52%         4


Dungeon Overview and Level Annotations

Branches:
Dungeon (5/15)             Temple (1/1) D:5

Altars:
Ashenzari
Gozag
Hepliaklqana
Makhleb
Ru
Sif Muna
Trog
Vehumet
Xom
Zin
Jiyva

Shops:
D:4 *


Innate Abilities, Weirdness & Mutations

You are small and have problems with some larger weapons.
You are somewhat resistant to further mutation.


Message History

You closely miss the leopard gecko.
The leopard gecko is lightly wounded.
The leopard gecko bites you.
You closely miss the leopard gecko.
The leopard gecko is lightly wounded.
The leopard gecko bites you but does no damage.
You hit the leopard gecko.
The leopard gecko is heavily wounded.
The leopard gecko closely misses you.
You closely miss the leopard gecko.
The leopard gecko is heavily wounded.
The leopard gecko closely misses you.
You closely miss the leopard gecko.
The leopard gecko is heavily wounded.
The leopard gecko barely misses you.
You hit the leopard gecko.
The leopard gecko is severely wounded.
The leopard gecko bites you.
You barely miss the leopard gecko.
The leopard gecko is severely wounded.
The leopard gecko bites you but does no damage.
You hit the leopard gecko.
You kill the leopard gecko!
A centaur skeleton comes into view.
A gnoll comes into view. It is wielding a +0 club.
The gnoll moves out of view.
A gnoll comes into view. It is wielding a +0 whip.
Found 10 gold pieces.
A gnoll comes into view. It is wielding a +0 spear.
Found a scroll labelled DAERED MODEGYTEE.
You open the door.
An orc comes into view.
The centaur skeleton hits you.
Found a staircase to the Ecumenical Temple.
There is an open door here.
The centaur skeleton closely misses you.
The orc shouts!
You completely miss the orc. The orc hits you.
The centaur skeleton completely misses you.
The orc misses you.
There is a staircase to the Ecumenical Temple here.
The centaur skeleton misses you. The orc barely misses you.
You climb downwards.
Welcome to the Ecumenical Temple!
There is a staircase back to the Dungeon here.
Casting: Freeze (safe; 1% risk of failure)
Confirm with . or Enter, or press ? or * to list all spells.
Aiming: Freeze (safe; 1% risk of failure)
Press: ? - help, Shift-Dir - straight line, f - orc
Aim: an orc You freeze the orc.
The orc is moderately wounded.
The orc barely misses you. The orc hits you but does no damage.
You are splashed with acid!
* * * LOW HITPOINT WARNING * * *
The orc misses you.
Casting: Freeze (safe; 1% risk of failure)
Confirm with . or Enter, or press ? or * to list all spells.
Aiming: Freeze (safe; 1% risk of failure)
Press: ? - help, Shift-Dir - straight line, f/p - orc
Aim: an orc (moderately wounded)
You freeze the orc.
You kill the orc!
Found a viscous altar of Jiyva.
Found a burning altar of Makhleb and a shimmering blue altar of Sif Muna.
Found a hazy altar of Hepliaklqana and a viscous altar of Jiyva.
Found a shimmering altar of Xom.
Found a viscous altar of Jiyva and a broken altar of Ashenzari.
Found a viscous altar of Jiyva.
Found an opulent altar of Gozag and a radiant altar of Vehumet.
Found a viscous altar of Jiyva.
Found a glowing silver altar of Zin and a viscous altar of Jiyva.
Found a viscous altar of Jiyva.
Found a sacrificial altar of Ru and a viscous altar of Jiyva.
There is a staircase back to the Dungeon here.
You climb upwards.
Welcome back to the Dungeon!
The centaur skeleton barely misses you. The centaur skeleton hits you.
There is a staircase to the Ecumenical Temple here.
You hit the centaur skeleton but do no damage.
The centaur skeleton hits you but does no damage.
You hit the centaur skeleton.
The centaur skeleton is lightly damaged.
The centaur skeleton misses you.
You hit the centaur skeleton.
The centaur skeleton is lightly damaged.
The centaur skeleton hits you.
You hit the centaur skeleton.
The centaur skeleton is moderately damaged.
The centaur skeleton closely misses you.
You hit the centaur skeleton.
The centaur skeleton is heavily damaged.
The centaur skeleton hits you.
* * * LOW HITPOINT WARNING * * *
You hit the centaur skeleton.
Lightning courses through the centaur skeleton!
The centaur skeleton is severely damaged.
The centaur skeleton hits you.
* * * LOW HITPOINT WARNING * * *
The centaur skeleton hits you.
You die...

,,,,,,,,,,,,,,,,***,,,,,,,,,,,,**
,,,,,,,,,,,,,,,,**,,>,,,,,,,,,,*,
,,,,,,,>,,,,,,,,,,,,***,,,,,,,,*,
,,,,,,,,,,,,,,,,,,,,* **,,,***,,,
,,,,***,,,,,*,,,,,,,* *,,***,,,,
,,,,,,*,,****###+###** **,,,,,,,*
,**,,,**,,,**#.....#,****,,,,,,,,
,,**,,,,,,,,*#.⌠Z⌠.#,,**,,,,,,,,,
,****,,,,*,,,+..@..+,,.#*,,,,,,,,
,** ***,,*,,,#.⌠.⌠.#,...,,,,,,,,,
,,****,,*,,,,#.....#....,,,,,,,,,
,,*,,,,.g,,,*###'###....,,,,,,,*,
..#.,*,,...#* #.........,,,,,,,*,
...,****#..# #.........,,,,,**,,
..*.#####..# ##........,,,,,,,,,
.**.##..#..#####..##....,,,**,,,,
,**..................##.,,*******


You could see a centaur skeleton.

Vanquished Creatures
  Edmund (D:4)
  An orc priest (D:3)
  A worker ant (D:3)
  An orc wizard (D:3)
  5 adders
  3 dart slugs
  4 leopard geckos
  17 orcs
  3 bats
  7 giant cockroaches
  12 goblins
  2 hobgoblins
  A quokka (D:2)
  5 frilled lizards (D:1)
  A kobold (D:1)
  3 rats
67 creatures vanquished.

Notes
Turn   | Place    | Note
-------+----------+-------------------------------------------
     0 | D:1      | EnegeticOcto the Halfling Ice Elementalist began the quest
                  | for the Orb.
     0 | D:1      | Reached XP level 1. HP: 11/11 MP: 3/3
    80 | D:1      | Reached XP level 2. HP: 14/17 MP: 0/4
   200 | D:1      | Reached XP level 3. HP: 13/21 MP: 3/5
   228 | D:2      | Learned a level 3 spell: Frozen Ramparts
   285 | D:2      | Reached skill level 5 in Ice Magic
   438 | D:2      | Reached XP level 4. HP: 12/27 MP: 3/6
   650 | D:3      | Reached skill level 1 in Short Blades
   650 | D:3      | Reached XP level 5. HP: 16/31 MP: 3/7
   719 | D:3      | Reached skill level 2 in Short Blades
   725 | D:3      | Reached skill level 6 in Ice Magic
   865 | D:4      | Found Vunoep's Elemental Accessories.
   929 | D:4      | Found a bloodstained altar of Trog.
   974 | D:4      | Reached XP level 6. HP: 36/36 MP: 2/8
  1013 | D:4      | Noticed Edmund
  1033 | D:4      | Killed Edmund
  1034 | D:4      | Reached skill level 3 in Short Blades
  1089 | D:3      | Reached skill level 4 in Short Blades
  1213 | D:5      | Entered Level 5 of the Dungeon
  1252 | D:5      | Found a staircase to the Ecumenical Temple.
  1259 | Temple   | Entered the Ecumenical Temple
  1339 | D:5      | Slain by a centaur skeleton

Illustrated notes

Levels and vault maps discovered:
D:1:      dpeg_arrival_arbitrary_a, layout_rooms, minmay_lizard_pond
D:2:      layout_loops_cross
D:3:      layout_basic, tso_oasis_becter, serial_curves, eino_curves_03,
          eino_curves_04, minivault_4
D:4:      layout_basic, kennysheep_mini_moat, serial_shops, nicolae_shop_stone,
          nrook_loot_triangle, nicolae_elemental_shop,
          chequers_serial_rivers_micro_c, minmay_strange_pillars,
          grunt_ministairs_7, uniq_edmund, uniq_purgy
D:5:      layout_cave_pools, minmay_temple_entry_hall, elyvilon_altar_3
Temple:   pf_slime_end_temple

Skill      XL: |  1  2  3  4  5  6 |
---------------+-------------------+-----
Ice Magic      | 5 6 |  6.7
Short Blades   | 1 2 4 |  4.0
Dodging        | |  2.1
Stealth        | |  2.1
Spellcasting   | |  1.5

Action                   |  1- 3 |  4- 6 || total
-------------------------+-------+-------++-------
Melee: Unarmed           |    13 |       ||    13
       Mace              |    32 |     7 ||    39
       Club              |     5 |       ||     5
       Dagger            |       |    76 ||    76
Throw: Boomerang         |       |     5 ||     5
 Cast: Freeze            |    25 |    14 ||    39
       Frozen Ramparts   |     1 |     9 ||    10
  Use: Scroll            |       |     3 ||     3
 Stab: Sleeping          |       |     4 ||     4
Armor: Robe              |     9 |    19 ||    28
Dodge: Dodged            |    55 |    69 ||   124

Table legend: (Time is in decaauts)
 A = Elapsed time spent in this place.
 B = Non-inter-level travel time spent in this place.
 C = Inter-level travel time spent in this place.
 D = Time resting spent in this place.
 E = Time spent auto-exploring this place.
 F = Levels seen in this place.
 G = Mean time per level.
                   A        B        C        D        E       F      G
               +--------+--------+--------+--------+--------+-----+--------+
         Total |   1365 |   1334 |     31 |      0 |      0 |   6 |  227.5 |
       Dungeon |   1291 |   1260 |     31 |      0 |      0 |   5 |  258.2 |
        Temple |     73 |     73 |      0 |      0 |      0 |   1 |   73.0 |
               +--------+--------+--------+--------+--------+-----+--------+

Top non-repeatable levels by time:
     D:3: 408 daAuts
     D:2: 326 daAuts
     D:4: 285 daAuts
     D:1: 222 daAuts
  Temple: 73 daAuts
     D:5: 49 daAuts
